 Dungeon Crawl Stone Soup version 0.27.1-3-gb3d3a73c9e (webtiles) character file.

Game seed: 10669624808077789845

23 Descartes the Magician (level 2, 0/15 HPs)
             Began as a Deep Elf Wanderer on Oct 9, 2021.
             Slain by a jackal (1 damage)
             ... on level 1 of the Dungeon.
             The game lasted 00:01:52 (1135 turns).

Descartes the Magician (Deep Elf Wanderer)          Turns: 1135, Time: 00:01:53

Health: 0/15       AC:  2    Str:  8    XL:     2   Next: 72%
Magic:  1/8        EV: 10    Int: 17    God:
Gold:   19         SH:  4    Dex: 14    Spells: 6/7 levels left

rFire    . . .     SeeInvis .   e - +3 dagger
rCold    . . .     Faith    .   l - +0 buckler
rNeg     . . .     Spirit   .   b - +0 robe
rPois    .         Reflect  .   (no helmet)
rElec    .         Harm     .   (no cloak)
rCorr    .         Rampage  .   (no gloves)
Will     .....                  (no boots)
Stlth    ++........             (no amulet)
HPRegen  0.05/turn              (no ring)
MPRegen  0.11/turn              (no ring)

@: no status effects
A: no striking features
a: no special abilities


You were on level 1 of the Dungeon.
You visited 1 branch of the dungeon, and saw 1 of its levels.

You collected 19 gold pieces.

Inventory:

Hand Weapons
 a - a +0 dagger
 e - a +3 dagger (weapon)
Armour
 b - a +0 robe (worn)
 h - a +0 kite shield
 l - a +0 buckler (worn)
Scrolls
 c - a scroll of teleportation
 i - a scroll of amnesia {unknown}
 j - a scroll of enchant weapon {unknown}
Potions
 d - a potion of brilliance {unknown}
 f - 2 potions of haste {unknown}
 g - a potion of flight {unknown}
 k - a potion of heal wounds {unknown}


   Skills:
 - Level 1.3 Bows
 - Level 1.5 Armour
 - Level 2.4 Stealth
 + Level 0.8 Shields
 - Level 3.0 Spellcasting
 + Level 2.3 Conjurations
 - Level 1.1 Transmutations
 - Level 2.0 Air Magic


You had 6 spell levels left.
You knew the following spells:

 Your Spells              Type           Power      Damage    Failure   Level
a - Magic Dart            Conj           40%        1d5       11%         1

Your spell library contained the following spells:

 Spells                   Type           Power      Damage    Failure   Level
 Wereblood                Tmut           6%         N/A       26%         2
 Passwall                 Tmut/Erth      3%         N/A       32%         2
 Blink                    Tloc           N/A        N/A       36%         2
 Call Imp                 Summ           2%         N/A       36%         2
 Slow                     Hex            2%         N/A       36%         2
 Mephitic Cloud           Conj/Pois/Air  7%         N/A       41%         3
 Conjure Flame            Conj/Fire      6%         6-21      45%         3


Dungeon Overview and Level Annotations

Branches:
Dungeon (1/15)

Altars:


Message History

Confirm with . or Enter, or press ? or * to list all spells.
You don't have enough magic to cast this spell.
You hit the jackal.
The jackal is moderately wounded.
The jackal bites you.
You hit the jackal.
The jackal is severely wounded.
The jackal bites you.
* * * LOW HITPOINT WARNING * * *
The jackal misses you.
The jackal bites you but does no damage.
Keep equipping yourself?
You start putting on your armour.
You continue putting on your +0 buckler.
The jackal closely misses you.
The jackal bites you but does no damage.
You continue putting on your +0 buckler.
The jackal bites you.
* * * LOW HITPOINT WARNING * * *
You continue putting on your +0 buckler.
The jackal barely misses you.
You continue putting on your +0 buckler.
The jackal closely misses you. The jackal barely misses you.
You finish putting on your +0 buckler.
You closely miss the jackal.
The jackal is severely wounded.
You block the jackal's attack.
Your magical contamination has completely faded away.
You hit the jackal but do no damage.
The jackal is severely wounded.
The jackal bites you but does no damage.
The jackal misses you.
You closely miss the jackal.
The jackal is severely wounded.
The jackal bites you.
* * * LOW HITPOINT WARNING * * *
You closely miss the jackal.
The jackal is severely wounded.
The jackal closely misses you. The jackal bites you.
You die...

... ##......###...
###'###......## #...
#.#.##.##...## #...
#...##.####.# #...
#.####.# #.# ###.
#h# #.# #.# #. #.#
#.# #.# #. #h####.#
#.# ####.
#hh@...####.####.[..
#####............##.
#.#####รท#######.
#.#####.####....
#...............
#######.........
######.#.. #.#..
#.#..


You could see 3 jackals.

Vanquished Creatures
  2 endoplasms (D:1)
  A giant cockroach (D:1)
  A goblin (D:1)
  2 hobgoblins (D:1)
  3 jackals (D:1)
  2 quokkas (D:1)
  3 ball pythons (D:1)
  A bat (D:1)
  2 frilled lizards (D:1)
  2 kobolds (D:1)
  A rat (D:1)
20 creatures vanquished.

Notes
Turn   | Place    | Note
-------+----------+-------------------------------------------
     0 | D:1      | Descartes the Deep Elf Wanderer began the quest for the
                  | Orb.
     0 | D:1      | Descartes set off with the following items: a +0 dagger, a
                  | +0 robe, a scroll of teleportation; and the following spell
                  | memorised: Magic Dart; and the following spells available
                  | to memorise: Wereblood, Passwall, Blink, Call Imp, Slow,
                  | Mephitic Cloud, Conjure Flame
     0 | D:1      | Reached XP level 1. HP: 10/10 MP: 6/6
    16 | D:1      | Found a faded altar of an unknown god.
   218 | D:1      | Reached skill level 1 in Conjurations
   443 | D:1      | Reached XP level 2. HP: 15/15 MP: 2/8
  1135 | D:1      | Slain by a jackal

Illustrated notes

Levels and vault maps discovered:
D:1:      amcnicky_arrival_double_pillar, layout_loops_ring,
          basic_ecumenical_altar, moated_statue, kennysheep_another_room

Skill      XL: |  1  2 |
---------------+-------+-----
Conjurations   | 1 2 |  2.3
Bows           | |  1.3
Armour         | |  1.5
Stealth        | |  2.4
Shields        | |  0.8
Spellcasting   | |  3.0
Transmutations | |  1.1
Air Magic      | |  2.0

Action                   || total
-------------------------++-------
Melee: Dagger            ||    11
 Cast: Magic Dart        ||    56
Armor: Robe              ||     5
Dodge: Dodged            ||    20
Block: Buckler           ||     1
